[Event "Polish Youth G16 Championship 2023"]
[Site "Jastrzebia Gora"]
[Date "2023.03.19"]
[Round "9.16"]
[White "Bauer, Maja"]
[Black "Bandyk, Joanna"]
[Result "1-0"]
[ECO "B92"]
[WhiteElo "1383"]
[BlackElo "1459"]
[Annotator "NA RC COMBH"]
[PlyCount "49"]
[EventDate "2023.03.11"]
[EventType "swiss"]
[EventCountry "POL"]
[SourceTitle "playchess.com"]
[Source "ChessBase"]
[SourceQuality "1"]
[TimeControl "40/5400+30:1800+30"]

1. e4 c5 2. Nf3 d6 3. d4 cxd4 4. Nxd4 Nf6 5. Nc3 a6 6. Be2 e5 7. Nb3 Be7 8. O-O O-O 9. f4 b5 10. a3 Bb7 11. Bf3 Nbd7 12. Qe1 exf4 13. Bxf4 Ne5 14. Rd1 Qc7 15. Qg3 Rfd8 16. Nd4 Bc8 17. Bg5 Ne8 18. Nd5 Qa7 19. Nxe7+ Kh8 20. Kh1 Bd7 21. Bf4 Qc7 22. Nd5 Qb8 23. Bh5 Ng6 24. Bxg6 fxg6 25. Bg5 1-0

[Event "Polish Youth G16 Championship 2023"]
[Site "Jastrzebia Gora"]
[Date "2023.03.19"]
[Round "9.17"]
[White "Gajec, Roza"]
[Black "Niedorys, Karolina"]
[Result "0-1"]
[ECO "B77"]
[WhiteElo "1341"]
[BlackElo "1458"]
[Annotator "NA RC COMBH"]
[PlyCount "42"]
[EventDate "2023.03.11"]
[EventType "swiss"]
[EventCountry "POL"]
[SourceTitle "playchess.com"]
[Source "ChessBase"]
[SourceQuality "1"]
[TimeControl "40/5400+30:1800+30"]

1. e4 c5 2. Nf3 d6 3. d4 cxd4 4. Nxd4 Nf6 5. Nc3 g6 6. Be3 Bg7 7. f3 O-O 8. Qd2 Nc6 9. Bc4 Nxd4 10. Bxd4 Be6 11. Bxe6 fxe6 12. g4 Qa5 13. O-O-O b5 14. Kb1 Rac8 15. Nd5 Qxd2 16. Rxd2 exd5 17. exd5 Nd7 18. Bxa7 Rxf3 19. Re1 Rcf8 20. Rde2 Be5 21. Bg1 Nf6 0-1

[Event "Polish Youth G16 Championship 2023"]
[Site "Jastrzebia Gora"]
[Date "2023.03.19"]
[Round "9.18"]
[White "Pniewska, Beata"]
[Black "Sliwicka, Weronika"]
[Result "1-0"]
[ECO "A30"]
[WhiteElo "1448"]
[BlackElo "1374"]
[Annotator "NA RC COMBH"]
[PlyCount "61"]
[EventDate "2023.03.11"]
[EventType "swiss"]
[EventCountry "POL"]
[SourceTitle "playchess.com"]
[Source "ChessBase"]
[SourceQuality "1"]
[TimeControl "40/5400+30:1800+30"]

1. c4 c5 2. g3 Nc6 3. Bg2 g6 4. e3 e5 5. Ne2 Bg7 6. Nbc3 Nge7 7. O-O d6 8. b3 Be6 9. Bb2 O-O 10. Ne4 h6 11. d4 cxd4 12. exd4 d5 13. cxd5 Bxd5 14. dxe5 Nxe5 15. f4 Nf3+ 16. Bxf3 Bxb2 17. Rb1 Qb6+ 18. Kg2 Nf5 19. Kh1 Ne3 20. Qd3 Bxe4 21. Qxe4 Nxf1 22. Rxf1 Rab8 23. f5 g5 24. Qg4 Rfe8 25. Nf4 Qb4 26. Bd5 Rf8 27. Qh5 gxf4 28. Qg6+ Bg7 29. f6 Qe4+ 30. Qxe4 Bxf6 31. Qxf4 1-0

[Event "Polish Youth G16 Championship 2023"]
[Site "Jastrzebia Gora"]
[Date "2023.03.19"]
[Round "9.19"]
[White "Butkiewicz, Hanna"]
[Black "Zgoda, Aleksandra"]
[Result "1-0"]
[ECO "B41"]
[WhiteElo "1120"]
[BlackElo "1308"]
[Annotator "NA RC COMBH"]
[PlyCount "41"]
[EventDate "2023.03.11"]
[EventType "swiss"]
[EventCountry "POL"]
[SourceTitle "playchess.com"]
[Source "ChessBase"]
[SourceQuality "1"]
[TimeControl "40/5400+30:1800+30"]

1. e4 c5 2. Nf3 e6 3. d4 cxd4 4. Nxd4 a6 5. a4 Qc7 6. Nc3 Nc6 7. Nxc6 bxc6 8. Be2 Nf6 9. O-O Bb4 10. Bd3 d5 11. exd5 cxd5 12. Ne2 Bd6 13. h3 e5 14. Nc3 O-O 15. Bg5 d4 16. Bxf6 dxc3 17. Bxh7+ Kh8 18. Qh5 Rd8 19. Bf5+ Kg8 20. Qh7+ Kf8 21. Qh8# 1-0

[Event "Polish Youth G16 Championship 2023"]
[Site "Jastrzebia Gora"]
[Date "2023.03.19"]
[Round "9.20"]
[White "Domeradzka, Karolina"]
[Black "Racis, Dominika"]
[Result "1-0"]
[ECO "B01"]
[WhiteElo "1194"]
[BlackElo "1201"]
[Annotator "NA RC COMBH"]
[PlyCount "71"]
[EventDate "2023.03.11"]
[EventType "swiss"]
[EventCountry "POL"]
[SourceTitle "playchess.com"]
[Source "ChessBase"]
[SourceQuality "1"]
[TimeControl "40/5400+30:1800+30"]

1. e4 d5 2. exd5 Qxd5 3. Nc3 Qd8 4. d4 Nf6 5. Bc4 Bf5 6. Nf3 e6 7. Bg5 Be7 8. Qe2 Nbd7 9. O-O-O c6 10. Ne5 Nd5 11. Nxd5 exd5 12. Bxe7 Qxe7 13. Bd3 Bxd3 14. Rxd3 O-O-O 15. Qg4 f6 16. Nf3 h5 17. Qg3 f5 18. h4 Nf6 19. Ne5 Rh6 20. Ra3 a6 21. Rb3 Nd7 22. Re1 Nf6 23. f3 Qc7 24. Qg5 Kb8 25. Qxf5 Nd7 26. Rbe3 Ka7 27. Qg5 Nb6 28. b3 a5 29. Nd3 a4 30. Nc5 axb3 31. axb3 Nd7 32. Qxg7 Qa5 33. Qxh6 Qa1+ 34. Kd2 Qxd4+ 35. Nd3 Qg7 36. Qf4 1-0

[Event "Polish Youth G16 Championship 2023"]
[Site "Jastrzebia Gora"]
[Date "2023.03.19"]
[Round "9.21"]
[White "Ekner, Maria"]
[Black "Krzysztynska, Maria"]
[Result "0-1"]
[ECO "A44"]
[WhiteElo "1337"]
[BlackElo "1335"]
[Annotator "NA RC COMBH"]
[PlyCount "102"]
[EventDate "2023.03.11"]
[EventType "swiss"]
[EventCountry "POL"]
[SourceTitle "playchess.com"]
[Source "ChessBase"]
[SourceQuality "1"]
[TimeControl "40/5400+30:1800+30"]

1. d4 c5 2. d5 e5 3. e4 d6 4. Nf3 a6 5. c4 Be7 6. Be2 Bg4 7. Nfd2 Bxe2 8. Qxe2 Bg5 9. O-O Ne7 10. Nc3 O-O 11. Qg4 Bh6 12. Ne2 f5 13. exf5 Nxf5 14. Qh3 Nd7 15. f4 exf4 16. Nxf4 Nd4 17. Ne4 Bxf4 18. Bxf4 Ne2+ 19. Kh1 Nxf4 20. Qg4 Ne5 21. Qg3 Ned3 22. Rf3 Qe7 23. Nc3 Rae8 24. h3 Rf6 25. Rxd3 Nxd3 26. Qxd3 Qe5 27. a3 Rf4 28. b3 Ref8 29. Rc1 Qg5 30. Rg1 Rd4 31. Qe2 Qh6 32. Ne4 Qg6 33. Nf2 Re8 34. Qf3 Rf8 35. Qe2 Rdf4 36. Ng4 h5 37. Nh2 Rf2 38. Qe7 R8f7 39. Qe8+ Kh7 40. b4 cxb4 41. axb4 Qd3 42. Qe6 R2f6 43. Qc8 Qb3 44. Nf3 Rxf3 45. gxf3 Rxf3 46. Rg3 Rxg3 47. Qf5+ Kh6 48. Qf4+ Rg5 49. Qxd6+ Kh7 50. Qe6 Qd1+ 51. Kh2 Qg1# 0-1

[Event "Polish Youth G16 Championship 2023"]
[Site "Jastrzebia Gora"]
[Date "2023.03.19"]
[Round "9.22"]
[White "Idzior, Izabela"]
[Black "Danek, Wiktoria"]
[Result "1-0"]
[ECO "C50"]
[WhiteElo "1287"]
[BlackElo "1161"]
[Annotator "NA RC COMBH"]
[PlyCount "93"]
[EventDate "2023.03.11"]
[EventType "swiss"]
[EventCountry "POL"]
[SourceTitle "playchess.com"]
[Source "ChessBase"]
[SourceQuality "1"]
[TimeControl "40/5400+30:1800+30"]

1. e4 e5 2. Nf3 Nc6 3. Bc4 Bc5 4. d3 d6 5. c3 Bg4 6. Nbd2 Nf6 7. h3 Be6 8. Bb5 Bd7 9. Ba4 h6 10. Nf1 Qe7 11. Ng3 g5 12. b4 Bb6 13. Bc2 a6 14. a4 d5 15. Bd2 dxe4 16. dxe4 Nh7 17. Nh5 Rg8 18. Nh2 Nf6 19. Ng3 Rd8 20. Ng4 Nxg4 21. hxg4 Qf6 22. Qe2 Bxg4 23. f3 Bd7 24. Nh5 Qg6 25. g4 Ne7 26. Bb3 Be6 27. Bc2 Bd7 28. Bd3 Qd6 29. Bc4 Rg6 30. b5 axb5 31. axb5 Qc5 32. Ra4 Ng8 33. Bc1 Nf6 34. Qa2 Qf8 35. Ba3 Qg8 36. Bb4 Nxh5 37. Rxh5 Be6 38. Bxe6 Rxe6 39. Ra8 Qg6 40. Rxd8+ Kxd8 41. Qa8+ Kd7 42. Rh2 Be3 43. Ke2 Bf4 44. Rh1 Rd6 45. Bxd6 cxd6 46. Qxb7+ Ke8 47. Ra1 1-0